 Dungeon Crawl Stone Soup version 0.30-a0-862-g1aabd4f9c5 (webtiles) character file.

Game seed: 6808503093769528585

20017 jasper the Magus (level 12, -18/94 HPs)
             Began as a Demonspawn Venom Mage on Mar 8, 2023.
             Was an Elder of Nemelex Xobeh.
             Succumbed to Rupert's poison
             ... on level 1 of the Orcish Mines.
             The game lasted 00:40:55 (18191 turns).

jasper the Magus (Demonspawn Venom Mage)           Turns: 18191, Time: 00:40:56

Health: -18/94     AC: 13    Str: 10    XL:     12   Next: 41%
Magic:  32/32      EV: 30    Int: 21    God:    Nemelex Xobeh [****..]
Gold:   663        SH:  5    Dex: 13    Spells: 3/18 levels left

rFire   . . .      SeeInvis +    t - +3 morningstar (vamp)
rCold   . . .      Faith    .    f - +0 buckler
rNeg    . . .      Spirit   .    D - +0 steam dragon scales
rPois   .          Reflect  .    M - +1 hat {Will+}
rElec   +          Rampage  .    (cloak unavailable)
rCorr   +                        (no gloves)
Will    +....                    L - +0 pair of boots of the Equator {Contam rElec MP+9}
Stlth   ++                       h - amulet of the acrobat
HPRegen 0.35/turn                u - ring of see invisible
MPRegen 0.23/turn                U - ring of resist corrosion

@: lethally poisoned (-18 -> -111), sanguine armoured, acrobatic
A: spiny 2, sanguine armour 1, weakness stinger 3
a: Renounce Religion, Draw Escape, Draw Destruction, Draw Summoning, Triple
Draw, Deal Four


You were on level 1 of the Orcish Mines.
You worshipped Nemelex Xobeh.
Nemelex Xobeh was greatly pleased with you.
You visited 2 branches of the dungeon, and saw 13 of its levels.
You also visited: Sewer and Bailey.

You collected 1247 gold pieces.
You spent 584 gold pieces at shops.

Inventory:

Hand Weapons
 b - a +3 halberd
 c - a +0 dagger
 n - a +0 rapier
 p - a +0 short sword
 t - a +3 vampiric morningstar (weapon)
 C - a +2 morningstar of pain
Missiles
 d - 112 stones
 G - 5 curare-tipped darts
 N - 9 throwing nets
Armour
 a - a +0 robe
 f - a +0 buckler (worn)
 q - an orb of mayhem
 A - a +0 cloak
 D - +0 steam dragon scales (worn)
 F - a +0 troll leather armour
 L - the +0 pair of boots of the Equator (worn) {Contam rElec MP+9}
   (You found it on level 8 of the Dungeon)

   rElec:     It insulates you from electricity.
   MP:        It affects your magic capacity (+9).
   Contam:    It causes magical contamination when unequipped.
 M - a +1 hat of willpower (worn)
Magical Staves
 J - a staff of death
 T - a staff of earth
Jewellery
 h - an amulet of the acrobat (around neck)
 s - a ring of fire
 u - a ring of see invisible (left hand)
 U - a ring of resist corrosion (right hand)
Wands
 k - a wand of roots (18)
 y - a wand of flame (36)
 I - a wand of polymorph (7)
 Q - a wand of digging (6)
Scrolls
 i - a scroll of teleportation
 l - a scroll of silence
 o - a scroll of fog
 K - a scroll of immolation
 O - 5 scrolls of identify
Potions
 e - 2 potions of flight
 g - 6 potions of curing
 j - 3 potions of attraction
 m - 3 potions of magic
 r - a potion of mutation
 v - 3 potions of degeneration
 w - a potion of might
 x - 4 potions of berserk rage
 z - 2 potions of cancellation
 B - a potion of haste
 E - 4 potions of lignification
 H - a potion of invisibility
 P - 4 potions of ambrosia
 S - a potion of heal wounds
 V - 3 potions of brilliance
Miscellaneous
 R - a box of beasts


   Skills:
 + Level 8.6 Fighting
 + Level 8.2 Dodging
 - Level 1.7 Stealth
 - Level 4.0 Shields
 - Level 3.8 Spellcasting
 - Level 2.0 Conjurations
 - Level 3.0 Necromancy
 - Level 5.0 Transmutations
 - Level 2.0 Air Magic
 - Level 8.0 Poison Magic
 * Level 15.5 Invocations


You had 3 spell levels left.
You knew the following spells:

 Your Spells              Type           Power      Damage    Failure   Level
a - Sting                 Tmut/Pois      100%       1d8       1%          1
b - Ignite Poison         Fire/Tmut/Pois 22%        N/A       8%          3
c - Mephitic Cloud        Conj/Pois/Air  20%        N/A       9%          3
d - Olgreb's Toxic Radia  Pois           37%        N/A       6%          4
e - Sublimation of Blood  Necr           16%        N/A       7%          2
f - Passwall              Tmut/Erth      11%        N/A       9%          2

Your spell library contained the following spells:

 Spells                   Type           Power      Damage    Failure   Level
 Beastly Appendage        Tmut           50%        N/A       1%          1
 Poisonous Vapours        Pois/Air       50%        N/A       3%          2
 Wereblood                Tmut           25%        N/A       3%          2
 Spider Form              Tmut/Pois      31%        N/A       3%          3
 Sandblast                Erth           8%         2d5       16%         1
 Lesser Beckoning         Tloc           8%         N/A       24%         2
 Stone Arrow              Conj/Erth      16%        3d8       30%         3
 Gell's Gravitas          Tloc           4%         N/A       43%         3
 Inner Flame              Hex/Fire       4%         N/A       43%         3
 Teleport Other           Tloc           4%         N/A       43%         3
 Animate Dead             Necr           16%        N/A       41%         4
 Anguish                  Hex/Necr       5%         N/A       63%         4
 Flame Wave               Conj/Fire      8%         2d5       69%         4
 Sticky Flame             Conj/Fire      8%         2d3       69%         4
 Borgnjor's Vile Clutch   Necr/Erth      5%         N/A       93%         5
 Death Channel            Necr           8%         N/A       100%        6
 Enfeeble                 Hex            2%         N/A       100%        7
 Summon Hydra             Summ           2%         N/A       100%        7
 Ignition                 Fire           2%         3d3       100%        8


Dungeon Overview and Level Annotations

Branches:
Dungeon (11/15)            Temple (0/1) D:7            Lair (0/5) D:11
    Orc (2/2) D:11          Sewer (visited)          Bailey (visited)
    Elf: Orc:2

Altars:
Ashenzari
Makhleb
Nemelex Xobeh
Qazlal
Ru
Sif Muna
Xom
Yredelemnul

Shops:
D:2 :   D:7 [   D:9 :

Annotations:
Orc:1 Rupert


Innate Abilities, Weirdness & Mutations

You are mostly covered in sharp spines.
When seriously injured, your blood forms armour. (AC +6)
You have a sharp stinger which inflicts weakening toxins.


Message History

a +0 robe; a +0 dagger You start resting.
Magic restored.
MP restored: 32
Okay, then.
You climb downwards.
Level annotation: Rupert Rupert roars madly and goes into a rage!
Rupert goes berserk!
There is a stone staircase leading up here.
Rupert hits you with a +1 battleaxe of venom!
You are poisoned.
Rupert completely misses you.
You climb upwards.
You feel very sick.
There is a stone staircase leading down here.
Things that are here:
a +0 robe; a +0 dagger You take 15 damage, and have 79/94 hp.
Okay, then.
As you read the scroll of teleportation, it crumbles to dust.
You feel strangely unstable.
You feel sick. Rupert is struck by your spines.
Rupert hits you but does no damage.
You are more poisoned.
You take 1 damage, and have 78/94 hp.
You feel sick.
Rupert hits you with a +1 battleaxe of venom!!!
Your blood congeals into armour.
You are lethally poisoned!
You take 43 damage, and have 35/94 hp.
MASSIVE DAMAGE!!
Rupert attacks as you move away! Rupert is struck by your spines.
Rupert hits you with a +1 battleaxe of venom!!
* * * LOW HITPOINT WARNING * * *
You are more poisoned.
Your surroundings suddenly seem different.
An orc wizard and an orc come into view.
The orc is wielding a +0 trident and wearing a +0 ring mail of cold resistance.
Found a stone staircase leading down.
You die...
Your body glows slightly and disappears.

## #. #. # ##.
#.#.. ###....
#......##
#.....@#
##...>........
##..#........
##.#........ #
###...### ..##
... ..oo


You could see an orc wizard (asleep) and an orc (asleep).

Vanquished Creatures
  Gastronok (D:9)
  Harold (D:9)
  Lodul (D:11)
  An oklob plant (D:11)
  A cyclops (Orc:2)
  An unseen horror (D:10)
  Maggie (D:7)
  A kobold demonologist (D:9)
  A queen bee (D:10)
  6 trolls
  2 hornets (D:11)
  Prince Ribbit (D:7)
  7 yaks (D:11)
  2 wyverns (D:11)
  3 wraiths
  A shadow (D:7)
  2 basilisks (D:11)
  6 vampire mosquitoes (D:11)
  3 wargs
  Duvessa (D:6)
  9 water moccasins
  A sky beast (D:6)
  An ice beast (D:7)
  A black bear (D:7)
  12 orc warriors
  4 wolves (Bailey)
  12 ogres
  4 centaurs
  A phantom (D:5)
  15 kobold brigands (D:9)
  10 gnoll sergeants
  2 bullfrogs (D:8)
  5 scorpions
  15 wights
  Dowan (D:6)
  32 killer bees
  4 howler monkeys
  3 jellies
  5 hounds
  14 orc priests
  2 sleepcaps
  9 gnoll boudas
  2 iguanas
  18 orc wizards
  A killer bee simulacrum (D:9)
  39 gnolls
  16 adders
  A river rat (D:6)
  A white imp (D:8)
  A dart slug (D:3)
  55 orcs
  14 ball pythons
  13 endoplasms
  6 giant cockroaches
  6 goblins
  8 hobgoblins
  4 jackals (D:2)
  6 quokkas
  13 bats
  6 frilled lizards
  25 kobolds
  7 rats
447 creatures vanquished.

Vanquished Creatures (collateral kills)
  An acid dragon (D:11)
  An oklob sapling (D:11)
  2 gnolls (D:7)
4 creatures vanquished.

Vanquished Creatures (others)
  5 fungi (D:11)
  42 plants
47 creatures vanquished.

Grand Total: 498 creatures vanquished

Notes
Turn   | Place    | Note
-------+----------+-------------------------------------------
     0 | D:1      | jasper the Demonspawn Venom Mage began the quest for the
                  | Orb.
     0 | D:1      | Reached XP level 1. HP: 13/13 MP: 3/3
   310 | D:1      | Gained mutation: You are partially covered in sharp spines.
                  | [demonic ancestry]
   310 | D:1      | Reached XP level 2. HP: 19/19 MP: 3/5
   313 | D:1      | Learned a level 2 spell: Poisonous Vapours
  1523 | D:2      | Found Ycuqa's Book Shoppe.
  1527 | D:2      | Reached XP level 3. HP: 24/24 MP: 4/7
  1531 | D:2      | Learned a level 3 spell: Mephitic Cloud
  2158 | D:2      | Reached XP level 4. HP: 30/30 MP: 6/9
  2163 | D:2      | Learned a level 4 spell: Olgreb's Toxic Radiance
  2595 | D:2      | Found a faded altar of an unknown god.
  2922 | D:3      | Reached skill level 1 in Conjurations
  2922 | D:3      | Reached skill level 1 in Air Magic
  2992 | D:3      | Found a sparkling altar of Nemelex Xobeh.
  3083 | D:3      | Became a worshipper of Nemelex Xobeh the Trickster
  3162 | D:3      | Reached XP level 5. HP: 16/35 MP: 3/10
  4090 | D:4      | Noticed an ogre
  4111 | D:4      | Killed an ogre
  4112 | D:4      | Reached XP level 6. HP: 41/41 MP: 0/11
  4128 | D:4      | Reached skill level 5 in Poison Magic
  4674 | D:4      | Reached * piety under Nemelex Xobeh
  4855 | D:4      | Received a gift from Nemelex Xobeh
  5189 | D:5      | Entered Level 5 of the Dungeon
  5202 | D:5      | Gained mutation: When seriously injured, your blood forms
                  | armour. (AC +6) [demonic ancestry]
  5202 | D:5      | Reached XP level 7. HP: 46/46 MP: 12/12
  5379 | D:5      | Reached skill level 1 in Invocations
  5467 | D:5      | Reached skill level 2 in Invocations
  5596 | D:5      | Found a burning altar of Makhleb.
  5596 | D:5      | Found a shimmering altar of Xom.
  5597 | D:5      | Found a sacrificial altar of Ru.
  5598 | D:5      | Found a broken altar of Ashenzari.
  5617 | D:5      | Reached skill level 1 in Fighting
  5643 | D:5      | Reached skill level 1 in Shields
  5821 | D:5      | Reached skill level 3 in Invocations
  5833 | D:5      | Gained mutation: You have a small tail. [demonic ancestry]
  5833 | D:5      | Reached XP level 8. HP: 34/54 MP: 2/13
  5836 | D:5      | Learned a level 2 spell: Sublimation of Blood
  6030 | D:5      | Found a shimmering blue altar of Sif Muna.
  6315 | D:5      | Reached skill level 4 in Invocations
  6624 | D:6      | Reached ** piety under Nemelex Xobeh
  6781 | D:6      | Reached skill level 5 in Invocations
  6958 | D:6      | Found a glowing drain.
  6964 | Sewer    | Entered a sewer
  7045 | Sewer    | Received a gift from Nemelex Xobeh
  7415 | D:6      | Reached skill level 6 in Invocations
  7579 | D:6      | Noticed Dowan
  7580 | D:6      | Noticed Duvessa
  7591 | D:6      | Killed Dowan
  7592 | D:6      | Killed Duvessa
  7879 | D:6      | Reached skill level 7 in Invocations
  7879 | D:6      | Reached XP level 9. HP: 64/64 MP: 9/14
  8306 | D:7      | Learned a level 2 spell: Passwall
  8329 | D:7      | Noticed Maggie
  8732 | D:7      | Reached *** piety under Nemelex Xobeh
  8732 | D:7      | Noticed Prince Ribbit
  8740 | D:7      | Killed Prince Ribbit
  8903 | D:7      | Killed Maggie
  8904 | D:7      | Reached skill level 8 in Invocations
  8972 | D:7      | Reached skill level 9 in Invocations
  9129 | D:7      | Reached skill level 5 in Dodging
  9132 | D:7      | Reached skill level 5 in Fighting
  9310 | D:7      | Found a staircase to the Ecumenical Temple.
  9604 | D:7      | Reached skill level 10 in Invocations
  9605 | D:7      | Gained mutation: You have a tail ending in a sharp stinger.
                  | [demonic ancestry]
  9605 | D:7      | Reached XP level 10. HP: 34/74 MP: 17/17
  9759 | D:7      | Found Zyileecy's Antique Armour Shoppe.
  9765 | D:7      | Bought a pair of boots for 94 gold pieces
  9765 | D:7      | Bought a helmet for 94 gold pieces
  9869 | D:7      | Found a burning altar of Makhleb.
 10570 | D:8      | Identified the +0 pair of boots of the Equator {Contam
                  | rElec MP+9}
 11159 | D:9      | Found a basalt altar of Yredelemnul.
 11316 | D:9      | Reached **** piety under Nemelex Xobeh
 11444 | D:9      | Noticed Gastronok
 11541 | D:9      | Killed Gastronok
 11542 | D:9      | Reached skill level 11 in Invocations
 11739 | D:9      | Reached skill level 12 in Invocations
 11911 | D:9      | Found a stormy altar of Qazlal.
 12041 | D:9      | Gained mutation: You are mostly covered in sharp spines.
                  | [demonic ancestry]
 12041 | D:9      | Reached XP level 11. HP: 73/84 MP: 17/20
 12177 | D:9      | Reached skill level 13 in Invocations
 12407 | D:9      | Found Vulempat's Book Shoppe.
 12471 | D:9      | Noticed Harold
 12489 | D:9      | Killed Harold
 12823 | D:10     | Entered Level 10 of the Dungeon
 12837 | D:10     | Received a gift from Nemelex Xobeh
 13222 | D:10     | Found a flagged portal.
 13223 | D:10     | Reached skill level 14 in Invocations
 13277 | Bailey   | Entered a bailey
 14348 | D:2      | Bought an Everburning Encyclopedia for 396 gold pieces
 14352 | D:2      | Learned a level 3 spell: Ignite Poison
 14553 | D:10     | Reached skill level 1 in Transmutations
 14860 | D:11     | Reached skill level 1 in Necromancy
 15067 | D:11     | Found a staircase to the Orcish Mines.
 15272 | D:11     | Received a gift from Nemelex Xobeh
 15739 | D:11     | Noticed Lodul
 15749 | D:11     | Killed Lodul
 15750 | D:11     | Reached skill level 5 in Transmutations
 15750 | D:11     | Gained mutation: You have a sharp stinger which inflicts
                  | weakening toxins. [demonic ancestry]
 15750 | D:11     | Reached XP level 12. HP: 92/92 MP: 11/22
 15901 | D:11     | Found a staircase to the Lair.
 16830 | Orc:1    | Entered Level 1 of the Orcish Mines
 16860 | Orc:1    | Reached skill level 15 in Invocations
 17252 | Orc:2    | Entered Level 2 of the Orcish Mines
 17252 | Orc:2    | Received a gift from Nemelex Xobeh
 18123 | Orc:2    | Noticed Rupert
 18191 | Orc:1    | HP: 2/94 [Rupert/+1 battleaxe of venom (33)]
 18191 | Orc:1    | Succumbed to Rupert's poison

Illustrated notes

Levels and vault maps discovered:
D:1:      eino_arrival_cavern_b, layout_rooms, serial_bayou,
          serial_bayou_shore_a, serial_bayou_shore_b, serial_bayou_pond_c,
          serial_bayou_lake_a
D:2:      layout_rooms, serial_shops, nicolae_shop_advertising_works
          [nicolae_subvault_shop_adworks],
          hellmonk_ecumenical_altar_pennies_from_heaven
D:3:      layout_loops_ring, old_standard_altar, wad_floor_pattern_2
D:4:      layout_loops_cross
D:5:      layout_cave_pools, grunt_temple_overflow_open, kennysheep_small_square
D:6:      layout_cave_pods, portal_sewer_entry_e, uniq_duvessa
D:7:      layout_basic, minmay_temple_entry_butterflies, serial_shops,
          nicolae_stop_n_shop_1, hex_large, dk_noncrumbling_2,
          minmay_misc_feat_x, minmay_ruined_shrine, uniq_prince_ribbit1,
          uniq_maggie
D:8:      layout_rooms
D:9:      layout_roguey, mainiacjoe_overflow_concentric_impassable,
          lemuel_doored_altar, serial_shops, shop, special_room
          [special_room_kobold], serial_park_tiny_pond, minivault_23,
          kennysheep_just_a_vault, uniq_gastronok, uniq_harold
D:10:     layout_long_grid, enter_bailey_8, minivault_7
D:11:     layout_loops_cross, minmay_lair_entry_grove, orc_david_3,
          introduction_to_nature_2, uniq_lodul
Orc:1:    layout_diamond_mine, uniq_maurice
Orc:2:    grunt_orc_tribal_feast, layout_caves, uniq_rupert

Skill      XL: |  1  2  3  4  5  6  7  8  9 10 11 12 |
---------------+-------------------------------------+-----
Spellcasting   | 3 |  3.8
Conjurations   | 1 2 |  2.0
Air Magic      | 1 2 |  2.0
Poison Magic   | 4 6 7 8 |  8.0
Invocations    | 3 7 10 12 14 15 | 15.5
Dodging        | 2 3 5 6 7 8 |  8.2
Fighting       | 1 3 5 7 8 |  8.6
Shields        | 1 3 4 |  4.0
Transmutations | 5 |  5.0
Necromancy     | 3 |  3.0
Stealth        | |  1.7

Action                     |  1- 3 |  4- 6 |  7- 9 | 10-12 || total
---------------------------+-------+-------+-------+-------++-------
  Melee: Dagger            |    21 |       |       |       ||    21
         Unarmed           |    12 |       |       |       ||    12
         Short sword       |       |     6 |       |       ||     6
         Halberd           |       |    27 |    32 |       ||    59
         Rapier            |       |       |    56 |       ||    56
         Tailslap          |       |       |    17 |    16 ||    33
         Morningstar       |       |       |    15 |   157 ||   172
  Throw: Stone             |     3 |     1 |       |       ||     4
   Cast: Sting             |    58 |    52 |    36 |    17 ||   163
         Poisonous Vapours |    16 |    42 |    37 |    20 ||   115
         Olgreb's Toxic Ra |       |     4 |    37 |   118 ||   159
         Mephitic Cloud    |       |     2 |     3 |     2 ||     7
         Ignite Poison     |       |       |       |    35 ||    35
         Passwall          |       |       |       |     1 ||     1
 Invoke: Draw Destruction  |       |     3 |    13 |     9 ||    25
         Draw Summoning    |       |       |     1 |     3 ||     4
  Evoke: Wand              |       |       |     6 |     1 ||     7
    Use: Potion            |       |     3 |     6 |     1 ||    10
         Scroll            |       |       |    12 |    10 ||    22
   Stab: Confused          |       |     1 |     1 |       ||     2
         Invisible         |       |       |     2 |       ||     2
 Armour: Robe              |    10 |     5 |    16 |       ||    31
         Steam dragon scal |       |       |     6 |    52 ||    58
  Dodge: Dodged            |    47 |    35 |   102 |   240 ||   424
  Block: Buckler           |       |       |    13 |    72 ||    85

Table legend: (Time is in decaauts)
 A = Elapsed time spent in this place.
 B = Non-inter-level travel time spent in this place.
 C = Inter-level travel time spent in this place.
 D = Time resting spent in this place.
 E = Time spent auto-exploring this place.
 F = Levels seen in this place.
 G = Mean time per level.
                   A        B        C        D        E       F      G
               +--------+--------+--------+--------+--------+-----+--------+
         Total |  18506 |  17830 |    676 |   3380 |  11039 |  15 | 1233.7 |
       Dungeon |  16002 |  15341 |    661 |   2230 |  10111 |  11 | 1454.7 |
  Orcish Mines |   1364 |   1350 |     14 |    964 |    218 |   2 |  682.0 |
         Sewer |    371 |    371 |      0 |     67 |    248 |   1 |  371.0 |
        Bailey |    767 |    767 |      0 |    119 |    462 |   1 |  767.0 |
               +--------+--------+--------+--------+--------+-----+--------+

Top non-repeatable levels by time:
    D:11: 2102 daAuts
     D:7: 2037 daAuts
     D:9: 1844 daAuts
     D:1: 1559 daAuts
     D:6: 1463 daAuts
     D:5: 1413 daAuts
     D:3: 1382 daAuts
     D:2: 1278 daAuts
     D:4: 1167 daAuts
    D:10: 1000 daAuts
  Bailey: 767 daAuts
   Orc:2: 758 daAuts
     D:8: 754 daAuts
   Orc:1: 606 daAuts
   Sewer: 371 daAuts
